Cogmind - Beta 13 @@@ ROGUE MODE // 2024.04.05 @ 16:46:33 Player: Fractal Result: Destroyed by EU-ZAT(R) with Subdweller Laser Performance ------------- Evolutions (0) 0 Regions Visited (3) 600 Robots Destroyed (14) 70 Value Destroyed (361) 361 Prototype IDs (0) 0 Alien Tech Used (0) 0 Bonus (0) 0 TOTAL SCORE: 1031 Bonus ------- None Cogmind --------- Core Integrity 0/250 Matter 210/300 Energy 248/250 System Corruption 0% Temperature Cool (7) Movement Walking (190) Ox1 Location -10/Subcaves Parts ------- > --- POWER (1) -------- Ion Engine > --- PROPULSION (2) --- Aluminum Leg > --- UTILITY (2) ------ Medium Storage Unit Signal Interpreter > --- WEAPON (2) ------- (None) > --- INVENTORY (10) --- Ion Engine Small Storage Unit Experimental Sensor Array Power Shielding Medium Laser Small Laser Heavy Assault Rifle Ripper Peak State ------------ > --- POWER ------------ Light Ion Engine > --- PROPULSION ------- Aluminum Leg Aluminum Leg > --- UTILITY ---------- Medium Storage Unit Signal Interpreter > --- WEAPON ----------- Heavy Assault Rifle Battle Cannon > --- INVENTORY -------- Ion Engine Ion Engine Aluminum Leg Small Storage Unit Experimental Sensor Array Power Shielding Medium Laser Small Laser Grenade Launcher Ripper [Rating: 11] Favorites ----------- Power Light Ion Engine Engine Light Ion Engine Propulsion Aluminum Leg Leg Aluminum Leg Utility Medium Storage Unit Storage Medium Storage Unit Processor Signal Interpreter Weapon Light Assault Rifle Energy Gun Medium Laser Ballistic Gun Light Assault Rifle Ballistic Cannon Battle Cannon Launcher Grenade Launcher Build | -11 -10 -10 -10 ------- Run | Yrd Mat Min Sub Slots Evolved . | . . . . Power . | . . . . Propulsion . | . . . . Utility . | . . . . Weapon . | . . . . Parts Attached 17 | 6 4 2 5 Power 3 | 1 1 . 1 Engine 3 | 1 1 . 1 Core . | . . . . Reactor . | . . . . Propulsion 5 | 2 1 1 1 Treads . | . . . . Leg 5 | 2 1 1 1 Wheel . | . . . . Hover . | . . . . Flight . | . . . . Utility 3 | 1 2 . . Device . | . . . . Storage 2 | 1 1 . . Processor 1 | . 1 . . Hackware . | . . . . Protection . | . . . . Artifact . | . . . . Weapon 6 | 2 . 1 3 Energy Gun 2 | 1 . 1 . Energy Cannon . | . . . . Ballistic Gun 2 | 1 . . 1 Ballistic Cannon 1 | . . . 1 Launcher 1 | . . . 1 Special Weapon . | . . . . Impact Weapon . | . . . . Slashing Weapon . | . . . . Piercing Weapon . | . . . . Special Melee Weapon . | . . . . Unidentified Prototypes . | . . . . Parts Lost 6 | . . 1 5 Power 1 | . . . 1 Propulsion 3 | . . 1 2 Utility . | . . . . Weapon 2 | . . . 2 Highest Loss Streak 2 | . . 1 2 To Critical Strikes . | . . . . Average Slot Usage (%) 89 | . 90 95 81 Engine 13 | . 14 14 13 Leg 24 | . 28 27 19 Storage 14 | . 14 14 14 Processor 13 | . 9 14 14 Energy Gun 7 | . 8 9 3 Ballistic Gun 10 | . 14 14 4 Launcher 3 | . . . 8 Naked Turns . | . . . . Heaviest Build 21 | 10 15 16 21 Greatest Support 20 | 20 20 20 20 Greatest Overweight (x) 1 | . . 1 1 Average Overweight (x) . | . . . . Largest Inventory Capacity 10 | 8 10 10 10 Average Capacity 9 | 7 9 10 10 Most Carried 10 | 2 9 10 10 Average Carried 8 | 1 4 9 8 Final Capacity 10 | 8 10 10 10 Final Carried 10 | 2 9 10 8 Class Distribution -------------------- 93% | Mutant 6% | Scavenger-Mutant Dominant Class ---------------- Mutant | -10/Materials Mutant | -10/Mines Mutant | -10/Subcaves Resources | -11 -10 -10 -10 ----------- Run | Yrd Mat Min Sub Matter Collected 409 | 238 66 41 64 Remotely . | . . . . Salvage Created 423 | 14 115 189 105 Parts 26 | 1 8 5 12 Haulers Intercepted . | . . . . Recyclers Shooed 1 | . . 1 . Parts Field Recycled . | . . . . Retrieved Matter . | . . . . Parts Self-Destructed 16 | . . . 16 Prevented . | . . . . Kills | -11 -10 -10 -10 ------- Run | Yrd Mat Min Sub Combat Hostiles Destroyed 12 | . 2 4 6 Guns 11 | . 2 4 5 Cannons 1 | . . . 1 Classes Destroyed 5 | 1 2 . 2 Tunneler 1 | 1 . . . Watcher 1 | . 1 . . Swarmer 5 | . . . 5 Grunt 6 | . 2 4 . Sentry 1 | . . . 1 Best Kill Streak 4 | 1 2 2 4 Combat Bots Only 4 | . 2 2 4 Max Kills in Single Turn 1 | 1 1 1 1 Gunslinging . | . . . . Exploded . | . . . . Melee . | . . . . Uniques/NPCs Destroyed . | . . . . Combat | -11 -10 -10 -10 -------- Run | Yrd Mat Min Sub Hostile Shots Fired 155 | . 25 22 108 Missed 51 | . 3 6 42 Damage Taken 1088 | . 288 213 587 Core 260 | . 66 53 141 Absorbed by Shields . | . . . . Core Remaining (%) 100 | 100 . . . Volleys Fired 67 | 8 17 21 21 Largest 2 | 2 2 2 2 Hottest 70 | 60 60 70 70 Shots Fired 124 | 16 30 42 36 Gun 110 | 16 30 42 22 Cannon 9 | . . . 9 Launcher 5 | . . . 5 Special . | . . . . Kinetic 71 | 8 17 21 25 Thermal 48 | 8 13 21 6 Explosive 5 | . . . 5 Electromagnetic . | . . . . Robot Hit Streak 16 | 5 16 5 5 Robot Miss Streak 3 | 2 3 2 2 Penetration Max . | . . . . Secondary Targets 1 | . 1 . . Max Gunslinging Chain 1 | . 1 . . Shots Hit Robots 83 | 10 22 31 20 Core Hits 35 | 2 8 13 12 Critical Kills . | . . . . Critical Parts Destroyed . | . . . . Critical Strikes 3 | . . 3 . Burn 3 | . . 3 . Melee Attacks . | . . . . Impact . | . . . . Slashing . | . . . . Piercing . | . . . . Sneak Attacks . | . . . . Combat Hostiles . | . . . . Follow-up Attacks . | . . . . Damage Inflicted 997 | 100 212 323 362 Guns 783 | 100 201 318 164 Cannons 131 | . . . 131 Explosions 67 | . . . 67 Melee . | . . . . Ramming 16 | . 11 5 . Kinetic 531 | 55 100 119 257 Thermal 383 | 45 101 199 38 Explosive 67 | . . . 67 Electromagnetic . | . . . . Impact . | . . . . Slashing . | . . . . Piercing . | . . . . Highest Corruption . | . . . . Average Corruption . | . . . . Corruption Purged . | . . . . Corruption Blocked . | . . . . Overload Shots . | . . . . Overflow Damage . | . . . . Projectiles . | . . . . Explosions . | . . . . Melee . | . . . . Knockbacks 3 | . . . 3 Impact . | . . . . Kinetic 3 | . . . 3 Secondary . | . . . . Self-Inflicted Damage 38 | . . . 38 Shots 1 | . . . 1 Rammed . | . . . . Targets Rammed 5 | . 3 2 . Kicked 5 | . 3 2 . Crushed . | . . . . Highest Temperature 245 | 40 213 245 4 Average Temperature 99 | 19 105 121 4 Received Heat Transfer 555 | . 177 141 237 Siege Activations . | . . . . Robots Corrupted . | . . . . Combat Hostiles . | . . . . Parts Fried . | . . . . Impact Corruptions . | . . . . Robots Melted . | . . . . Combat Hostiles . | . . . . Parts Melted . | . . . . Heat Transferred 1250 | 100 225 814 111 Parts Sabotaged . | . . . . Parts Stolen . | . . . . Parts Stripped . | . . . . Power Chain Reactions . | . . . . Alert | -11 -10 -10 -10 ------- Run | Yrd Mat Min Sub Peak Influence 82 | 5 82 81 . Initial 31 | . 3 31 . Average 30 | 1 53 27 . Maximum Alert Level . | . . . . Low Security (%) 100 | 100 100 100 . Level 1 . | . . . . Level 2 . | . . . . Level 3 . | . . . . Level 4 . | . . . . Level 5 . | . . . . High Security . | . . . . Max Security . | . . . . Squads Dispatched 1 | . 1 . . Investigation . | . . . . Extermination . | . . . . Reinforcement 1 | . 1 . . Assault . | . . . . Garrison . | . . . . Intercept . | . . . . Searches Triggered . | . . . . Construction Impeded . | . . . . Haulers Reinforced . | . . . . Active Scanning Responses . | . . . . Cargo Convoy Interrupts . | . . . . Stealth | -11 -10 -10 -10 --------- Run | Yrd Mat Min Sub Distress Signals 1 | . 1 . . Communications Jammed . | . . . . Distress Signals . | . . . . Times Spotted 54 | . 6 4 44 Peak Tracking Total 6 | . 3 2 6 Tactical Retreats 3 | . . . 3 Traps | -11 -10 -10 -10 ------- Run | Yrd Mat Min Sub Traps Triggered . | . . . . Indirectly . | . . . . Trap Hack Attempts . | . . . . Triggered . | . . . . Disarmed . | . . . . Reprogrammed . | . . . . Reused . | . . . . Traps Extracted . | . . . . Installed . | . . . . Triggered . | . . . . Machines | -11 -10 -10 -10 ---------- Run | Yrd Mat Min Sub Machines Disabled 3 | . . . 3 Max in Single Turn 1 | . . . 1 Machines Repaired . | . . . . Machines Dismantled . | . . . . Machines Sabotaged . | . . . . Overloaded Fab Kills . | . . . . Hacking | -11 -10 -10 -10 --------- Run | Yrd Mat Min Sub Machines Accessed 3 | . 2 1 . Terminals 3 | . 2 1 . Fabricators . | . . . . Repair Stations . | . . . . Recycling Units . | . . . . Scanalyzers . | . . . . Garrison Access . | . . . . Total Hacks 5 | . 3 2 . Successful 4 | . 3 1 . Failed 1 | . . 1 . Catastrophic . | . . . . Database Lockouts . | . . . . Manual 2 | . 1 1 . Terminals 5 | . 3 2 . Fabricators . | . . . . Repair Stations . | . . . . Recycling Units . | . . . . Scanalyzers . | . . . . Garrison Access . | . . . . Terminal Hacks 4 | . 3 1 . Record 1 | . . 1 . Branch Access Points 1 | . 1 . . Zone Layout 2 | . 2 . . Fabricator Hacks . | . . . . Repair Station Hacks . | . . . . Recycling Unit Hacks . | . . . . Scanalyzer . | . . . . Garrison Access Hacks . | . . . . Unauthorized Hacks . | . . . . Terminals . | . . . . Fabricators . | . . . . Repair Stations . | . . . . Recycling Units . | . . . . Scanalyzers . | . . . . Garrison Access . | . . . . Data Cores Recovered . | . . . . Used . | . . . . Hacking Detections 2 | . 1 1 . Full Trace Events . | . . . . Feedback Events . | . . . . Feedback Blocked . | . . . . Robot Schematics Acquired . | . . . . Robots Built . | . . . . Authchips . | . . . . Time . | . . . . Total Robot Build Rating . | . . . . Part Schematics Acquired . | . . . . Parts Built . | . . . . Authchips . | . . . . Time . | . . . . Total Part Build Rating . | . . . . Parts Repaired . | . . . . Time . | . . . . Parts Recycled . | . . . . Recycled Matter . | . . . . Retrieved Matter . | . . . . Retrieved Components . | . . . . Parts Scanalyzed . | . . . . Part Schematics Acquired . | . . . . Parts Damaged . | . . . . Bothacking | -11 -10 -10 -10 ------------ Run | Yrd Mat Min Sub Used RIF Installer . | . . . . Robots Hacked . | . . . . Non-combat . | . . . . Combat . | . . . . Robot Hacks Applied . | . . . . Relay Couplers Released . | . . . . Fabnet Peak Effective % . | . . . . Robots Rewired . | . . . . Allies Hacked . | . . . . Hacks Repelled . | . . . . Allies | -11 -10 -10 -10 -------- Run | Yrd Mat Min Sub Total Allies . | . . . . Largest Group . | . . . . Highest-Rated Group . | . . . . Highest-Rated Ally . | . . . . Total Orders . | . . . . Ally Attacks . | . . . . Total Damage . | . . . . Kills . | . . . . Allies Corrupted . | . . . . Allies Melted . | . . . . Intel | -11 -10 -10 -10 ------- Run | Yrd Mat Min Sub Robot Analysis Total . | . . . . Derelict Logs Recovered 1 | . . 1 . Drone Launches . | . . . . Drone Recoveries . | . . . . Exploration | -11 -10 -10 -10 ------------- Run | Yrd Mat Min Sub Turns Passed 1912 | 108 237 892 675 Spaces Moved 1269 | 63 143 685 378 Core 5 | 5 . . . Treads . | . . . . Legs 1264 | 58 143 685 378 Wheels . | . . . . Hover . | . . . . Flight . | . . . . Fastest Speed 50 | 50 120 120 120 Average Speed 132 | 114 120 120 162 Slowest Speed 190 | 120 120 190 190 Overloaded Moves . | . . . . Propulsion Burnouts . | . . . . Robots Hopped . | . . . . Cave-ins Triggered . | . . . . Exploration Rate (%) 38 | 5 27 100 23 Regions Visited 3 Branch Regions 2 Pre-discovered Areas 1 | . . . 1 Known Exits Taken 2 | . 1 1 . Unknown Exits Taken 1 | 1 . . . Scrap Searched 2 | . . 1 1 Spaces Dug . | . . . . Terrain Destroyed 16 | . . . 16 Melee . | . . . . Projectile . | . . . . AOE 16 | . . . 16 Terrain Rammed . | . . . . Walls Destroyed . | . . . . Machines Disabled . | . . . . Actions | -11 -10 -10 -10 --------- Run | Yrd Mat Min Sub Total 1382 | 81 180 714 407 Wait 14 | 3 9 2 . Move 1266 | 62 142 684 378 Hop . | . . . . Pick Up 9 | 2 3 3 1 Fast Attach 8 | 6 2 . . Attach 4 | . . 2 2 Detach 2 | . 2 . . Swap 5 | . 2 . 3 Drop 2 | . . . 2 Fire 67 | 8 17 21 21 Melee . | . . . . Ram . | . . . . Kick 5 | . 3 2 . Crush . | . . . . Escape Stasis . | . . . . Rewire . | . . . . Trap . | . . . . Miscellaneous . | . . . . Route ------- -11/Scrapyard -10/Materials -10/Mines (discovered 3 exits: *Mat x2 / *Sub) -10/Subcaves (discovered 1 exit: [*Rec]) History --------- Turn | Location | Event 39 | -11/Scrapyard | Discovered new exit (range 16) 109 | -11/Scrapyard | Entered Materials 119 | -10/Materials | Identified exit to Mines 326 | -10/Materials | Build established: Mutant 346 | -10/Materials | Entered Mines 399 | -10/Mines | YI-UF0 nonchalantly dropped a Grenade Launcher on the ground 811 | -10/Mines | Discovered new exit (range 7) 821 | -10/Mines | Identified exit to Materials 881 | -10/Mines | Found a damaged Exp. Sensor Array with a note attached 883 | -10/Mines | Found Prototype Device 962 | -10/Mines | Discovered exit to Materials (range 5) 1110 | -10/Mines | Learned location of 1 exit from Materials 1160 | -10/Mines | A weapon hastily lodged in a ceiling crevice suddenly fell to the ground 1201 | -10/Mines | Discovered new exit (range 4) 1236 | -10/Mines | Identified exit to Subcaves 1238 | -10/Mines | Entered Subcaves 1266 | -10/Subcaves | Core integrity fell below 50% 1380 | -10/Subcaves | Shifting Twisted Machinery released Spk. Treads 1381 | -10/Subcaves | Shifting Twisted Machinery released Battle Cannon 1468 | -10/Subcaves | Discovered new exit (range 15) 1551 | -10/Subcaves | Learned location of Zion (-7) 1551 | -10/Subcaves | Met a Zionite searching for "candidates" 1906 | -10/Subcaves | Core integrity fell below 20% 1913 | -10/Subcaves | Destroyed by EU-ZAT(R) with Subdweller Laser Last Messages --------------- Acquired 20 matter. Flight Unit fries itself beyond repair. Acquired 9 matter. EXIT=FOUND Machine disabled. Battle Cannon destroyed. Aluminum Leg destroyed. The unstable cave ceiling collapses. 06-5WJ(z): "Hey you! It's really dangerous down here, I feel that you could die at any moment. For your health and safety might I suggest a trip to Zion?" World map updated: -7/Zion. Searching scrap... Found Sub. Laser. Found 12 Matter. Acquired 12 matter. Acquired 6 matter. EU-ZAT(R): "SUBMAD!" Grenade Launcher destroyed. Map ----- +----------------------------------------------------+ | ?????????????????????????????????????????????????? | | ?????????????????????????????????????????????????? | | ?????????????????????????????????????????????????? | | ?????????????????????????????????????????????????? | | ?????????????????????????????????????????????????? | | ?????????????????????????????????????????????????? | | ?????????????????????????????????????????????????? | | ?????????????????????????????????????????????????? | | ?????????????????????????????????????????????????? | | ?????????????????????????????????????????????????? | | ?????????????????????????????????????????????####? | | ?????????????????????????????????????????????#""## | | ?????????????????????????????????????????????# "" | | ?????????????????????????????????????????????# "" | | ?????????????????????????????????????????????#" "" | | ?????????????????????????????????????????????#" " | | ????????????????????????#########??????????### | | ???????????????###??????# #????????### # | | ??????????????## ####?### ##### ##?????### # | | ??????????????# ## ### #???# ##???## ## | | ??????????????# #???## #??## | | ???????????????# ## #????# #??# | | ???????????????# ##???# ##?# | | ?????????#??#### ##### ### | | ??## ### ## # # #R ###### ### | | ??# ### @#### #???# #?### | | ???# ##### ##?## #???###???# | | ???# # # ### ## ###### ######??????# | | ???????######## ## #?## ### #?###### | | ### # ## ### | | ## ## | | # ######## ##### ## | | ###????? ## #??## # ## ## | | ### ??????##% ?## ??# ## #### | | ??# ???????# ??## ?# # # #??# | | ? ### ??????? ????# ######### ##??? | | ??####?????? # ????% ##???????## ##?## | | ????????????####???? ##?????????# ### | | #????????????????????? ##??????????# ## | | ?????????????????????? ##???????????## ## | | ??????????????????????? #?????????????# #### | | ???????????????????????? ??????????????###??## | | ???????????????????????? ????????????????????#### | | ????????????????????????##???????????????????????? | | ?????????????????????????????????????????????????? | | ?????????????????????????????????????????????????? | | ?????????????????????????????????????????????????? | | ?????????????????????????????????????????????????? | | ?????????????????????????????????????????????????? | | ?????????????????????????????????????????????????? | +----------------------------------------------------+ Best States ------------- Heat Dissipation 25 Energy Generation 10 Energy Capacity 250 Matter Stores 300 Matter Capacity 300 Sight Range 16 Terrain Scan Density 10 Evasion (%) 55 Item Schematics ----------------- None Robot Schematics ------------------ None Fabricated ------------ Nothing Alien Tech Used ----------------- None Achievements -------------- None Challenges ------------ None Game ------ Seed SupersonicGammaStreamer Manual? 0 Play Time 00:16:20 Cumulative 12.4 hours Start 2024.04.05 @ 16:32:00 End 2024.04.05 @ 16:46:33 Sessions 1 Manual Loads 0 Difficulty Rogue Special Mode None Game No. 17 Rogue 17 Adventurer 0 Explorer 0 Win Type - Total 0 Types 0/0/0/0/0/0/0/0/0 Lore% 16 Gallery% 15 Achievement% 13 Wizard Run 0 Options --------- Layout 1 ASCII 0 Keyboard 1 Movement Numpad Keybinds 0 Fullscreen 1 Font 48/Terminus Map View 50x35 Zoom Use 0% Tactical HUD 0 Map Filters NONE Filters NONE Steam 1 RUN: 58ee1662-7e74-470c-9948-0ce2fc4907f8